 Dungeon Crawl Stone Soup version 0.29.1 (webtiles) character file.

Game seed: 12742321146665488227

339 masschaos23 the Covert (level 6, -1/41 HPs)
             Began as an Octopode Brigand on Sept 13, 2022.
             Succumbed to a kobold brigand's curare-tipped dart
             ... on level 4 of the Dungeon.
             The game lasted 00:21:09 (3090 turns).

masschaos23 the Covert (Octopode Brigand)           Turns: 3090, Time: 00:21:10

Health: -1/41      AC:  1    Str: 10    XL:     6   Next: 55%
Magic:  2/6        EV: 13    Int: 14    God:
Gold:   88         SH:  0    Dex: 21    Spells: 5/5 levels left

rFire   . . .      SeeInvis .   m - +0 dagger (drain)
rCold   + . .      Faith    .   (no shield)
rNeg    . . .      Spirit   +   (helmet restricted)
rPois   .          Reflect  .   y - amulet of guardian spirit
rElec   .          Harm     .   r - ring of protection from cold
rCorr   .          Rampage  .   w - +6 ring of dexterity
Will    .....                   (no ring)
Stlth   +++++.....              (no ring)
HPRegen 0.13/turn               (no ring)
MPRegen 0.10/turn               (no ring)
                                (no ring)
                                (no ring)

@: lethally poisoned (-1 -> -8), slowed, very slow
A: almost no armour, amphibious, 8 rings, camouflage 1, gelatinous body 1,
(nimble swimmer 1), tentacles
a: no special abilities


You were on level 4 of the Dungeon.
You visited 1 branch of the dungeon, and saw 4 of its levels.

You collected 88 gold pieces.

Inventory:

Hand Weapons
 a - a +2 dagger of chaos
 c - a +0 spear
 i - a +0 spear
 m - a +0 dagger of draining (weapon)
Missiles
 b - 15 poisoned darts (quivered)
 n - 46 stones
 q - 5 silver javelins
Jewellery
 r - a ring of protection from cold (left tentacle)
 s - an amulet of the acrobat
 w - a +6 ring of dexterity (right tentacle)
 y - an amulet of guardian spirit (around mantle)
Scrolls
 j - a scroll of silence
Potions
 d - 2 potions of attraction
 e - 4 potions of curing
 f - 2 potions of resistance
 g - a potion of might {unknown}
 h - a potion of brilliance {unknown}
 o - a potion of heal wounds {unknown}
 p - 2 potions of flight
 u - a potion of lignification {unknown}


   Skills:
 + Level 2.6 Fighting
 + Level 3.3 Short Blades
 + Level 3.2 Throwing
 + Level 1.9 Dodging
 + Level 8.3 Stealth


You had 5 spell levels left.
You didn't know any spells.
Your spell library contained the following spells:

 Spells                   Type           Power      Damage    Failure   Level
 Foxfire                  Conj/Fire      0%         2x1d4     28%         1
 Ensorcelled Hibernation  Hex/Ice        0%         N/A       41%         2
 Conjure Flame            Conj/Fire      0%         6-21      65%         3
 Ignite Poison            Fire/Tmut/Pois 0%         N/A       65%         3
 Inner Flame              Hex/Fire       0%         N/A       65%         3
 Mephitic Cloud           Conj/Pois/Air  0%         N/A       65%         3
 Spider Form              Tmut/Pois      0%         N/A       65%         3
 Anguish                  Hex/Necr       0%         N/A       96%         4
 Flame Wave               Conj/Fire      0%         2d4       96%         4
 Passage of Golubria      Tloc           0%         N/A       96%         4
 Freezing Cloud           Conj/Ice/Air   0%         6-21      100%        5
 Silence                  Hex/Air        0%         N/A       100%        5
 Lehudib's Crystal Spear  Conj/Erth      0%         10d2      100%        8


Dungeon Overview and Level Annotations

Branches:
Dungeon (4/15)
 Temple: D:4-7

Altars:
Elyvilon


Innate Abilities, Weirdness & Mutations

You cannot wear most types of armour.
You are amphibious.
You can wear up to eight rings at the same time.
Your skin changes colour to match your surroundings (Stealth+).
Your rubbery body absorbs attacks. (AC +1, EV +1)
((You are camouflaged when in or above water. (Stealth+)))
You have tentacles for arms and can constrict up to eight enemies at once.


Message History

The curare-tipped dart hits the kobold.
The kobold is poisoned.
The kobold convulses.
You kill the kobold!
The kobold shouts!
The kobold shouts! x2
You hear a shout!
The kobold throws a stone.
The stone closely misses you.
A kobold comes into view. It is wielding a +0 club.
The kobold shouts!
The kobold brigand throws a curare-tipped dart.
The curare-tipped dart closely misses you.
A kobold comes into view. It is wielding a +0 club.
The kobold brigand throws a curare-tipped dart.
The curare-tipped dart hits you.
You are poisoned.
You have difficulty breathing.
You feel yourself slow down.
* * * LOW HITPOINT WARNING * * *
You feel extremely sick.
The kobold brigand throws a curare-tipped dart.
The curare-tipped dart closely misses you.
You barely miss the gnoll. You grab the gnoll. You squeeze the gnoll.
The gnoll is moderately wounded.
You constrict the gnoll.
* * * LOW HITPOINT WARNING * * *
You feel very sick. The gnoll hits you with a +0 club.
* * * LOW HITPOINT WARNING * * *
As you read the scroll labelled LEVUCL CUASKOA, it crumbles to dust.
Your body is wracked with pain!
The gnoll convulses!
The kobold brigand convulses!
The kobold convulses!
It was a scroll of torment.
You constrict the gnoll.
* * * LOW HITPOINT WARNING * * *
You feel very sick. The gnoll barely misses you.
As you read the scroll labelled HOUDIR PEIRETTA, it crumbles to dust.
You assume a fearsome visage.
The kobold looks frightened! x3
The gnoll looks frightened!
The kobold looks frightened!
The kobold brigand looks frightened!
The kobold looks frightened!
It was a scroll of fear.
You constrict the gnoll.
You die...

################### #. #....
.........#.......#. #.K
#..(. .........'.)....)#.
#'##.... .........#########.
#......# ######..........#..
#....K.# #....).....'..
#......########..........#..
#..KK.K........#########.
#..).KKg@......'.......#.
#.....K........#.......#.
#########################


You could see a kobold brigand (fleeing), a gnoll (fleeing) and 5 kobolds.

Vanquished Creatures
  A kobold brigand (D:4)
  2 orc priests (D:4)
  A hound (D:4)
  3 gnolls (D:4)
  7 adders
  A worm (D:4)
  3 orcs (D:4)
  2 ball pythons
  6 bats
  4 endoplasms
  4 giant cockroaches
  4 goblins
  6 hobgoblins
  11 jackals
  2 quokkas
  2 frilled lizards
  23 kobolds
  8 rats
90 creatures vanquished.

Notes
Turn   | Place    | Note
-------+----------+-------------------------------------------
     0 | D:1      | masschaos23 the Octopode Brigand began the quest for the
                  | Orb.
     0 | D:1      | Reached XP level 1. HP: 14/14 MP: 1/1
   170 | D:1      | Reached XP level 2. HP: 17/19 MP: 2/2
   177 | D:1      | Reached skill level 6 in Stealth
   590 | D:2      | Reached XP level 3. HP: 23/24 MP: 3/3
  1087 | D:2      | Found a faded altar of an unknown god.
  1239 | D:3      | Found a white marble altar of Elyvilon.
  1373 | D:3      | Reached XP level 4. HP: 29/29 MP: 4/4
  1679 | D:3      | Reached skill level 7 in Stealth
  2252 | D:4      | Reached XP level 5. HP: 12/34 MP: 2/5
  2500 | D:4      | Reached skill level 8 in Stealth
  2727 | D:4      | Reached XP level 6. HP: 35/40 MP: 6/6
  3089 | D:4      | HP: 1/41 [poisoned by a kobold brigand (curare-tipped
                  | dart)]
  3090 | D:4      | Succumbed to a kobold brigand's curare-tipped dart

Illustrated notes

Levels and vault maps discovered:
D:1:      dpeg_arrival_castle, layout_loops_ring
D:2:      layout_rooms, shapermc_ecumenical_altar_mp_highgroup,
          nicolae_kite_square_tiling_tiny
D:3:      layout_loops_corners, mainiacjoe_overflow_brackets,
          dreamdust_princess_bridge
D:4:      minmay_goblin_kobold_castle, layout_cave_pools,
          kennysheep_generic_room_14

Skill      XL: |  1  2  3  4  5 |
---------------+----------------+-----
Stealth        | 6 7 8 |  8.3
Short Blades   | 3 |  3.3
Throwing       | 3 |  3.2
Fighting       | |  2.6
Dodging        | |  1.9

Action                   |  1- 3 |  4- 6 || total
-------------------------+-------+-------++-------
Melee: Dagger            |    57 |    86 ||   143
       Constrict         |     9 |    29 ||    38
       Tentacles         |     8 |    28 ||    36
       Punch             |     1 |       ||     1
Throw: Dart              |     9 |    20 ||    29
       Javelin           |       |     3 ||     3
  Use: Scroll            |     1 |     7 ||     8
       Potion            |     1 |       ||     1
 Stab: Sleeping          |     9 |     8 ||    17
Armor: Skin              |    12 |     9 ||    21
Dodge: Dodged            |    22 |    63 ||    85
